 Dungeon Crawl Stone Soup version 0.18-a0-844-g9229740 (webtiles) character file.

66 JokEr the Insei (level 4, -5/30 HPs)
             Began as an Octopode Transmuter on Dec 18, 2015.
             Slain by JokEr's ghost (7 damage)
             ... on level 3 of the Dungeon.
             The game lasted 00:03:59 (2585 turns).

JokEr the Insei (Octopode Transmuter)               Turns: 2585, Time: 00:04:00

Health: -5/30      AC:  1    Str:  9    XL:     4   Next: 15%
Magic:  6/7        EV: 12    Int: 16    God:
Gold:   46         SH:  0    Dex: 12    Spells: 1 memorised, 6 levels left

rFire  . . .     SeeInvis .       - Unarmed
rCold  . . .     Gourm    .     (no shield)
rNeg   . . .     Faith    .     (helmet restricted)
rPois  .         Spirit   .     (no amulet)
rElec  .         Dismiss  .     (no ring)
rCorr  .         Reflect  .     (no ring)
SustAt .         Harm     .     (no ring)
MR     .....                    (no ring)
Stlth  ++........               (no ring)
                                (no ring)
                                (no ring)
                                (no ring)

@: appendage, not resistant to hostile enchantments, unstealthy
A: almost no armour, amphibious, 8 rings, constrict 8, tentacle spike 3,
camouflage 1, gelatinous body 1
a: End Transformation


You were on level 3 of the Dungeon.
You were hungry.
One of your tentacles had a temporary spike.
You visited 1 branch of the dungeon, and saw 3 of its levels.

You collected 46 gold pieces.

Inventory:

Missiles
 a - 12 arrows
Potions
 d - a potion of magic {unknown}
 e - a potion of resistance {unknown}
Books
 b - a book of Changes

   Spells                             Type                      Level
   a - Beastly Appendage              Transmutation                1
   b - Sticks to Snakes               Transmutation                2
   c - Spider Form                    Transmutation/Poison         3
   d - Ice Form                       Ice/Transmutation            4
   e - Blade Hands                    Transmutation                5
Comestibles
 c - 2 bread rations


   Skills:
 + Level 2.3 Fighting
 - Level 2.0 Dodging
 + Level 3.7 Unarmed Combat
 - Level 2.0 Spellcasting
 + Level 2.8 Transmutations


You had 6 spell levels left.
You knew the following spells:

 Your Spells              Type           Power        Failure   Level  Hunger
a - Beastly Appendage     Trmt           ##....       10%         1    #......


Dungeon Overview and Level Annotations

Branches:
Dungeon (2/15)

Altars:

Annotations:
D:3 JokEr's ghost, amateur OpTm


Innate Abilities, Weirdness & Mutations

You cannot wear most types of armour.
You are amphibious.
You can wear up to eight rings at the same time.
You can use your tentacles to constrict eight enemies at once.
Your skin changes colour to match your surroundings (Stealth).
Your rubbery body absorbs attacks (AC +1).
One of your tentacles bears a large vicious spike.


Message History

JokEr's ghost is moderately damaged.
The goblin hits you.
JokEr's ghost hits you but does no damage.
You closely miss JokEr's ghost.
JokEr's ghost is moderately damaged.
The goblin misses you. JokEr's ghost hits you.
Drink which item? (? for menu, Esc to quit)
You feel better. The goblin hits you. JokEr's ghost barely misses you.
You closely miss JokEr's ghost.
You pierce JokEr's ghost, but do no damage.
JokEr's ghost is moderately damaged.
The goblin closely misses you. JokEr's ghost hits you!
* * * LOW HITPOINT WARNING * * *
You tentacle-slap JokEr's ghost.
Your tentacle spike misses JokEr's ghost.
JokEr's ghost is moderately damaged.
The goblin hits you.
* * * LOW HITPOINT WARNING * * *
JokEr's ghost hits you!
You die...

#### . .. ...#
...
....###.$##....
#...g........
#@......(
#W.##.... .[..#
. #......
.......#
###.=.....
###.##### .#


You could see JokEr's ghost and a goblin.

Vanquished Creatures
  An adder (D:3)
  3 oozes (D:1)
  4 giant geckos (D:1)
  8 hobgoblins (D:1)
  3 jackals (D:1)
  3 kobolds (D:1)
  4 bats (D:1)
  3 giant cockroaches (D:1)
  6 giant newts (D:1)
  3 goblins (D:1)
  2 rats (D:1)
40 creatures vanquished.

Notes
Turn   | Place    | Note
--------------------------------------------------------------
     0 | D:1      | JokEr the Octopode Transmuter began the quest for the Orb.
     0 | D:1      | Reached XP level 1. HP: 13/13 MP: 3/3
   255 | D:1      | Reached XP level 2. HP: 11/18 MP: 3/5
  1138 | D:1      | Reached XP level 3. HP: 24/24 MP: 4/6
  2480 | D:2      | You fall through a shaft!
  2483 | D:3      | Reached XP level 4. HP: 20/30 MP: 5/7
  2576 | D:3      | Noticed JokEr's ghost (amateur OpTm)
  2585 | D:3      | Slain by JokEr's ghost

Vault maps used:
D:1:      erik_arrival_gehennom
D:2:      lemuel_coloured_pillars_altar, small_statue_intersection
D:3:      grunt_temple_overflow_opulence, cheibrodos_ashenzari_chains

Action                   |  1- 3 |  4- 6 || total
-------------------------+-------+-------++-------
Melee: Unarmed           |   104 |     7 ||   111
 Cast: Beastly Appendage |    32 |     1 ||    33
  Use: Scroll            |     1 |       ||     1
       Potion            |       |     2 ||     2
 Stab: Sleeping          |     5 |       ||     5
  Eat: Chunk             |     5 |       ||     5
